 Dungeon Crawl Stone Soup version 0.29.1-2-gbd0b4ee654 (webtiles) character file.

Game seed: 9663541692040443296

361 ketamineguy the Chopper (level 6, 0/53 HPs)
             Began as a Minotaur Fighter on Nov 27, 2022.
             Was an Initiate of Trog.
             Succumbed to a water moccasin's poison
             ... on level 5 of the Dungeon.
             The game lasted 00:30:23 (3857 turns).

ketamineguy the Chopper (Minotaur Fighter)          Turns: 3857, Time: 00:30:24

Health: 0/53       AC: 13    Str: 19 (22) XL:     6   Next: 38%
Magic:  5/5        EV:  5    Int:  4 (5)  God:    Trog [......]
Gold:   235        SH:  4    Dex:  8 (10) Spells: 5/5 levels left

rFire   . . .      SeeInvis .   a - +0 war axe
rCold   . . .      Faith    .   c - +0 buckler
rNeg    . . .      Spirit   .   p - +0 plate armour
rPois   .          Reflect  .   (helmet restricted)
rElec   .          Harm     .   h - +0 cloak
rCorr   .          Rampage  .   (no gloves)
Will    .....                   (no boots)
Stlth   ..........              (no amulet)
HPRegen 0.17/turn               (no ring)
MPRegen 0.09/turn               (no ring)

@: lethally poisoned (0 -> -1)
A: horns 2, retaliatory headbutt
a: Renounce Religion


You were on level 5 of the Dungeon.
You worshipped Trog.
Trog was noncommittal.
You visited 1 branch of the dungeon, and saw 5 of its levels.

You collected 235 gold pieces.

Inventory:

Hand Weapons
 a - a +0 war axe (weapon)
 x - a +0 arbalest
 y - a +1 spear of venom
Missiles
 m - 16 poisoned darts (quivered)
Armour
 b - a +1 scale mail
 c - a +0 buckler (worn)
 e - an orb of light
 h - a +0 cloak (worn)
 l - a +0 scale mail of cold resistance
 p - a +0 plate armour (worn)
Wands
 d - a wand of digging (5)
 t - a wand of iceblast (8)
Scrolls
 g - a scroll of blinking
 i - a scroll of fear
 j - 2 scrolls of identify
 k - a scroll of enchant armour
 r - a scroll of silence
 s - a scroll of butterflies
 u - 2 scrolls of poison
Potions
 n - a potion of brilliance
 v - 4 potions of attraction


   Skills:
 + Level 4.4 Fighting
 + Level 6.4 Axes
 + Level 5.1 Armour
 + Level 0.1 Dodging
 + Level 0.2 Stealth
 + Level 4.3 Shields


You had 5 spell levels left.
You didn't know any spells.
Your spell library contained the following spells:

 Spells                   Type           Power      Damage    Failure   Level
 Beastly Appendage        Tmut           0%         N/A       100%        1
 Wereblood                Tmut           0%         N/A       100%        2
 Spider Form              Tmut/Pois      0%         N/A       100%        3
 Passage of Golubria      Tloc           0%         N/A       100%        4
 Silence                  Hex/Air        0%         N/A       100%        5
 Lehudib's Crystal Spear  Conj/Erth      0%         10d2      100%        8


Dungeon Overview and Level Annotations

Branches:
Dungeon (5/15)
 Temple: D:4-7

Altars:
Ashenzari
Kikubaaqudgha
Ru
Trog
Uskayaw

Portals:
Abyss: D:5

Annotations:
D:5 CBASSkasper's ghost, novice GnFi


Innate Abilities, Weirdness & Mutations

You have a pair of horns on your head.
You reflexively headbutt those who attack you in melee.


Message History

You closely miss the water moccasin.
The water moccasin is almost dead.
The water moccasin bites you but does no damage.
You barely miss the water moccasin.
The water moccasin is almost dead.
You block the water moccasin's attack. The water moccasin bites you.
You are poisoned.
The water moccasin poisons you!
You miss the water moccasin. You headbutt the water moccasin.
The water moccasin is almost dead.
* * * LOW HITPOINT WARNING * * *
You feel very sick.
The water moccasin bites you but does no damage.
You barely miss the water moccasin.
Your headbutt misses the water moccasin.
The water moccasin is almost dead.
* * * LOW HITPOINT WARNING * * *
You feel very sick.
The water moccasin bites you but does no damage. x2
You barely miss the water moccasin.
The water moccasin is almost dead.
* * * LOW HITPOINT WARNING * * *
You feel very sick.
The water moccasin bites you but does no damage.
The water moccasin bites you.
* * * LOW HITPOINT WARNING * * *
Okay, then.
As you read the scroll of fear, it crumbles to dust.
You assume a fearsome visage.
The water moccasin looks frightened!
* * * LOW HITPOINT WARNING * * *
You feel sick.
* * * LOW HITPOINT WARNING * * *
You feel sick.
* * * LOW HITPOINT WARNING * * *
You feel sick.
* * * LOW HITPOINT WARNING * * *
You feel sick.
* * * LOW HITPOINT WARNING * * *
You feel sick.
You die...

#.............# .##
#...####......# .. #
#......# .###
###......#####.#.#
..................#.
....................
####.............#.##
#........#.####..# #
#...@......# #..#.#
#........######....#
#.............#)#####
######...........)......
.....................)..
.......?................
......##...........#####
#....# ##........###
##..# ####........


There were no monsters in sight!

Vanquished Creatures
  A jelly (D:4)
  An orc priest (D:4)
  An iguana (D:4)
  Ijyb (D:4)
  2 orc wizards (D:4)
  Robin (D:4)
  3 gnolls (D:5)
  4 adders
  2 worms
  3 dart slugs (D:4)
  An orc (D:4)
  4 endoplasms
  A giant cockroach (D:3)
  7 goblins
  10 hobgoblins
  4 kobolds
  5 ball pythons
  3 frilled lizards
  4 rats
58 creatures vanquished.

Vanquished Creatures (collateral kills)
  A scorpion (D:4)
1 creature vanquished.

Grand Total: 59 creatures vanquished

Notes
Turn   | Place    | Note
-------+----------+-------------------------------------------
     0 | D:1      | ketamineguy the Minotaur Fighter began the quest for the
                  | Orb.
     0 | D:1      | Reached XP level 1. HP: 19/19 MP: 0/0
   219 | D:1      | Found a faded altar of an unknown god.
   848 | D:2      | Reached XP level 2. HP: 27/27 MP: 1/1
  1139 | D:2      | Found a sacrificial altar of Ru.
  1934 | D:3      | Reached skill level 3 in Axes
  1934 | D:3      | Reached XP level 3. HP: 25/33 MP: 2/2
  2632 | D:4      | Reached skill level 4 in Axes
  2632 | D:4      | Reached XP level 4. HP: 36/40 MP: 3/3
  2727 | D:4      | Noticed Ijyb
  2735 | D:4      | Killed Ijyb
  3109 | D:4      | Noticed a scorpion
  3120 | D:4      | Killed a scorpion
  3121 | D:4      | Reached skill level 5 in Axes
  3121 | D:4      | Reached XP level 5. HP: 46/46 MP: 4/4
  3139 | D:4      | Noticed Robin
  3158 | D:4      | Killed Robin
  3336 | D:4      | Reached skill level 6 in Axes
  3336 | D:4      | Reached XP level 6. HP: 53/53 MP: 5/5
  3351 | D:4      | Reached skill level 5 in Armour
  3547 | D:4      | Found an ancient bone altar of Kikubaaqudgha.
  3547 | D:4      | Found a bloodstained altar of Trog.
  3554 | D:4      | Found a broken altar of Ashenzari.
  3558 | D:4      | Became a worshipper of Trog the Wrathful
  3561 | D:4      | Found a hide-covered altar of Uskayaw.
  3563 | D:4      | Found a faded altar of an unknown god.
  3778 | D:5      | Entered Level 5 of the Dungeon
  3828 | D:5      | Noticed a water moccasin
  3831 | D:5      | Found a one-way gate to the infinite horrors of the Abyss.
  3831 | D:5      | Noticed CBASSkasper's ghost (novice GnFi)
  3838 | D:5      | Noticed a small abomination
  3855 | D:5      | HP: 2/53 [poisoned by a water moccasin]
  3857 | D:5      | Succumbed to a water moccasin's poison

Illustrated notes

Levels and vault maps discovered:
D:1:      dpeg_chamrin_arrival_tetris, layout_loops_ring,
          chequers_ecumenical_altar_simple
D:2:      layout_basic, basic_altar
D:3:      layout_basic
D:4:      layout_loops_ring, chequers_temple_overflow_minitemple,
          hangedman_abyss_or_decor_stagger, uniq_robin, uniq_ijyb
D:5:      layout_basic, gammafunk_ghost_abyssal_escape

Skill      XL: |  1  2  3  4  5  6 |
---------------+-------------------+-----
Fighting       | 4 |  4.4
Armour         | 4 5 |  5.1
Axes           | 3 4 5 6 |  6.4
Shields        | 4 |  4.3
Dodging        | |  0.1
Stealth        | |  0.2

Action                   |  1- 3 |  4- 6 || total
-------------------------+-------+-------++-------
Melee: War axe           |    51 |    98 ||   149
       Headbutt          |     3 |    14 ||    17
  Use: Scroll            |     7 |     4 ||    11
       Potion            |     4 |     4 ||     8
Armor: Scale mail        |    15 |       ||    15
       Plate armour      |    17 |    76 ||    93
Dodge: Dodged            |    14 |    28 ||    42
Block: Buckler           |    13 |    18 ||    31
